 Dungeon Crawl Stone Soup version 0.23.2-30-g0e89c35649 (webtiles) character file.

Game seed: 15268780338000988399

9423 HASTUR3 the Thaumaturge (level 11, -11/48 HPs)
             Began as a Deep Elf Wizard on June 17, 2019.
             Was an Elder of Sif Muna.
             Mangled by a hornet (12 damage)
             ... on level 11 of the Dungeon.
             The game lasted 01:36:25 (15461 turns).

HASTUR3 the Thaumaturge (Deep Elf Wizard)          Turns: 15461, Time: 01:36:26

Health: -11/48     AC:  6    Str:  5    XL:     11   Next: 22%
Magic:  1/30       EV: 17    Int: 26    God:    Sif Muna [****..]
Gold:   395        SH:  0    Dex: 18    Spells: 18/31 levels left

rFire    + . .     SeeInvis .   z - +1 dagger (elec)
rCold    . . .     Gourm    .   (no shield)
rNeg     . . .     Faith    .   y - +2 robe {MR+}
rPois    .         Spirit   .   b - +0 hat
rElec    .         Reflect  .   g - +0 cloak
rCorr    .         Harm     .   w - +0 pair of gloves
MR       ++...                  (no boots)
Stlth    +++.......             (no amulet)
HPRegen  0.16/turn              j - ring of wizardry
MPRegen  0.22/turn              p - +3 ring of dexterity

@: slowed, very slow
A: agile 1, fire resistance 1, frail 1, high mp 1
a: Divine Energy, Channel Magic, Forget Spell, Renounce Religion


You were on level 11 of the Dungeon.
You worshipped Sif Muna.
Sif Muna was greatly pleased with you.
You were not hungry.

You visited 2 branches of the dungeon, and saw 12 of its levels.

You collected 483 gold pieces.
You spent 88 gold pieces at shops.

Inventory:

Hand Weapons
 z - a +1 dagger of electrocution (weapon)
 B - a +0 giant club
Armour
 b - a +0 hat (worn)
 g - a +0 cloak (worn)
 w - a +0 pair of gloves (worn)
 y - a +2 robe of magic resistance (worn)
 A - a +2 leather armour of magic resistance
 F - a +2 cloak
Magical Staves
 i - an uncursed staff of cold
Jewellery
 j - a ring of wizardry (left hand)
 p - a +3 ring of dexterity (right hand)
 t - an uncursed ring of protection from fire
Wands
 c - a wand of polymorph (9)
 r - a wand of flame (12)
 u - a wand of iceblast (8)
 v - a wand of paralysis (13)
 C - a wand of random effects (15)
 D - a wand of disintegration (13)
 G - a wand of acid (9)
Scrolls
 a - 2 scrolls of amnesia
 e - a scroll of immolation
 f - a scroll of vulnerability {unknown}
 h - 8 scrolls of identify
 l - a scroll of blinking
 n - 5 scrolls of remove curse
 q - 2 scrolls of teleportation
 x - a scroll of fog
 H - a scroll of magic mapping {unknown}
Potions
 k - 3 potions of curing
 m - 2 potions of heal wounds
 o - 5 potions of lignification
 s - a potion of flight
 E - a potion of ambrosia
Comestibles
 d - 19 rations
 I - 4 chunks of flesh


   Skills:
 - Level 7.0 Dodging
 - Level 3.2 Stealth
 + Level 10.7 Spellcasting
 - Level 6.0 Conjurations
 - Level 6.1 Hexes
 - Level 6.0 Summonings
 - Level 6.0 Translocations
 - Level 6.0 Fire Magic
 - Level 6.4 Air Magic
 - Level 6.0 Poison Magic
 - Level 1.1 Invocations


You had 18 spell levels left.
You knew the following spells:

 Your Spells              Type           Power        Failure   Level  Hunger
a - Magic Dart            Conj           ####         1%          1    None
b - Blink                 Tloc           N/A          1%          2    None
c - Call Imp              Summ           #####...     1%          2    None
d - Conjure Flame         Conj/Fire      #####...     1%          3    None
e - Mephitic Cloud        Conj/Pois/Air  #####...     1%          3    None
f - Slow                  Hex            #####...     1%          2    None

Your spell library contained the following spells:

 Spells                   Type           Power        Failure   Level  Hunger


Dungeon Overview and Level Annotations

Branches:
Dungeon (11/15)            Temple (1/1) D:5            Lair (0/6) D:8
    Orc: D:9-12

Altars:
Ashenzari
Cheibriados
Dithmenos
Elyvilon
Fedhas
Gozag
Hepliaklqana
Kikubaaqudgha
Makhleb
Nemelex Xobeh
Okawaru
Qazlal
Ru
Sif Muna
Trog
Uskayaw
Vehumet
Wu Jian
Xom
Yredelemnul
Zin
The Shining One

Shops:
D:5 !   D:7 ?


Innate Abilities, Weirdness & Mutations

You are agile. (Dex +2)
Your flesh is heat resistant. (rF+)
You are frail. (-10% HP)
You have an increased reservoir of magic. (+10% MP)


Message History

The hornet stings you!
* * * LOW HITPOINT WARNING * * *
You feel yourself slow down. The hornet barely misses you.
The hornet completely misses you.
You feel better.
You feel yourself speed up. The hornet barely misses you.
The hornet stings you but does no damage. x2
The hornet closely misses you.
Casting: Call Imp (safe; 1% risk of failure)
Confirm with . or Enter, or press ? or * to list all spells.
You blink.
The hornet stings you!
* * * LOW HITPOINT WARNING * * *
You feel yourself slow down.
You feel better. The hornet stings you!
* * * LOW HITPOINT WARNING * * *
You feel as though you will be slow longer.
The hornet stings you!
You die...

.###### #.# ..#### #?#
#....# #.# ####'## #(#
#...### ######)#####
#.#.'.###..........#
...#.#))##..........#
#####.##.##......y...#
........>......@y...#
###.........###.....#
####...#### #.....#
##### ##.##+## #..#..#
#....# ##..### #....#
#....#


You could see 2 hornets.

Vanquished Creatures
  3 two-headed ogres
  Pikel (D:4)
  Maurice (D:10)
  Joseph (D:7)
  A troll (D:9)
  A hornet (D:9)
  Grinder (D:6)
  A wyvern (D:9)
  3 yaks (D:10)
  Eustachio (D:6)
  Grum (D:10)
  Edmund (D:4)
  5 orc warriors
  3 ice beasts
  A sky beast (D:7)
  A hornet zombie (D:9)
  4 slaves
  6 ogres
  2 centaurs (D:7)
  A necrophage (D:9)
  3 wolves (D:10)
  A big kobold (D:10)
  3 bullfrogs
  3 gnoll sergeants (D:5)
  A wyvern skeleton (D:6)
  3 scorpions
  6 killer bees (D:10)
  2 howler monkeys
  8 wights
  A crimson imp (D:8)
  A quasit (D:5)
  A bullfrog zombie (D:5)
  9 hounds
  11 orc priests
  3 centaur skeletons
  A gnoll shaman (D:5)
  12 orc wizards
  A bullfrog skeleton (D:11)
  6 iguanas
  Crazy Yiuf (D:4)
  8 worker ants
  2 hound skeletons
  2 worker ant zombies (D:8)
  4 adders
  20 gnolls
  A shadow imp (D:5)
  An ooze (D:1)
  2 adder skeletons
  2 adder zombies
  5 leopard geckos
  40 orcs
  5 bats
  6 giant cockroaches
  15 goblins
  5 hobgoblins
  6 jackals
  10 kobolds
  3 quokkas
  A ball python (D:3)
  8 frilled lizards
  A leopard gecko skeleton (D:4)
  A quokka skeleton (D:4)
  6 rats
270 creatures vanquished.

Vanquished Creatures (collateral kills)
  A hungry ghost (D:8)
  3 crimson imps
  An adder (D:8)
  A shadow imp (D:8)
  A worm (D:2)
  A quokka (D:7)
8 creatures vanquished.

Vanquished Creatures (others)
  An orc priest (D:5)
1 creature vanquished.

Grand Total: 279 creatures vanquished

Notes
Turn   | Place    | Note
-------+----------+-------------------------------------------
     0 | D:1      | HASTUR3 the Deep Elf Wizard began the quest for the Orb.
     0 | D:1      | Reached XP level 1. HP: 10/10 MP: 7/7
   150 | D:1      | Reached XP level 2. HP: 8/15 MP: 0/9
   342 | D:1      | Learned a level 2 spell: Blink
   345 | D:1      | Learned a level 2 spell: Call Imp
   634 | D:1      | Reached XP level 3. HP: 19/19 MP: 7/10
  1172 | D:2      | Found a sacrificial altar of Ru.
  1439 | D:2      | Learned a level 3 spell: Conjure Flame
  1673 | D:2      | Reached XP level 4. HP: 20/24 MP: 3/12
  2212 | D:3      | Learned a level 3 spell: Mephitic Cloud
  2701 | D:3      | Found a blossoming altar of Fedhas.
  2746 | D:3      | Reached skill level 1 in Fire Magic
  2746 | D:3      | Reached skill level 1 in Poison Magic
  2746 | D:3      | Reached XP level 5. HP: 28/28 MP: 0/13
  3811 | D:4      | Reached XP level 6. HP: 29/32 MP: 0/14
  4197 | D:4      | Reached skill level 1 in Air Magic
  4235 | D:4      | Noticed Edmund
  4236 | D:4      | Noticed a slave
  4236 | D:4      | Noticed a slave
  4261 | D:4      | Noticed Pikel
  4262 | D:4      | Noticed a slave
  4263 | D:4      | Noticed a slave
  4309 | D:3      | Killed a slave
  4487 | D:3      | Killed a slave
  5057 | D:4      | Reached XP level 7. HP: 26/36 MP: 11/16
  5085 | D:4      | Found a snail-covered altar of Cheibriados.
  5387 | D:4      | Reached skill level 5 in Spellcasting
  5486 | D:4      | Killed Edmund
  5486 | D:4      | Reached skill level 6 in Spellcasting
  5767 | D:4      | Killed Pikel
  5767 | D:4      | Reached skill level 9 in Spellcasting
  5767 | D:4      | Reached XP level 8. HP: 36/41 MP: 5/23
  5955 | D:4      | Found a shimmering altar of Xom.
  5956 | D:4      | Found a burning altar of Makhleb.
  6029 | D:4      | Found a runed translucent door.
  6030 | D:4      | Noticed Crazy Yiuf
  6093 | D:4      | Found a sparkling altar of Nemelex Xobeh.
  6208 | D:4      | Killed Crazy Yiuf
  6401 | D:5      | Entered Level 5 of the Dungeon
  7613 | D:5      | Found a radiant altar of Vehumet.
  7887 | D:5      | Found a staircase to the Ecumenical Temple.
  7906 | Temple   | Entered the Ecumenical Temple
  7977 | Temple   | Became a worshipper of Sif Muna the Loreminder
  8291 | D:5      | Reached XP level 9. HP: 10/45 MP: 9/24
  8565 | D:5      | Found Cuixott's Distillery.
  8580 | D:5      | Bought a potion of mutation for 88 gold pieces
  8580 | D:5      | Gained mutation: You occasionally shout uncontrollably at
                  | your foes. [potion of mutation]
  8580 | D:5      | Gained mutation: Your muscles are strong. (Str +2) [potion
                  | of mutation]
  8580 | D:5      | Gained mutation: You have sharp toenails. [potion of
                  | mutation]
  8637 | D:5      | Reached skill level 10 in Spellcasting
  8794 | D:5      | Learned a level 2 spell: Slow
  8846 | D:6      | Reached skill level 1 in Hexes
  8858 | D:6      | Noticed Grinder
  8935 | D:6      | Paralysed by Grinder for 5 turns
  8945 | D:6      | Killed Grinder
  9008 | D:6      | Noticed Eustachio
  9057 | D:6      | Killed Eustachio
  9057 | D:6      | Reached * piety under Sif Muna
  9057 | D:6      | Reached skill level 5 in Hexes
  9137 | D:6      | HP: 2/45 [wyvern skeleton (8)]
  9513 | D:6      | Found a glowing golden altar of the Shining One.
  9518 | D:6      | Found a basalt altar of Yredelemnul.
  9520 | D:6      | Noticed a profane servitor
  9620 | D:6      | Found a bloodstained altar of Trog.
 10169 | D:6      | Found a white marble altar of Elyvilon.
 10566 | D:6      | Noticed an angel
 10831 | D:7      | Found an iron altar of Okawaru.
 10863 | D:7      | Reached ** piety under Sif Muna
 10931 | D:7      | Noticed Joseph
 11115 | D:7      | Killed Joseph
 11252 | D:7      | Found Zoatios's Magic Scroll Shoppe.
 11288 | D:7      | Reached skill level 5 in Poison Magic
 11587 | D:8      | Found a staircase to the Lair.
 11659 | D:8      | Found a hazy altar of Hepliaklqana.
 11677 | D:8      | Reached skill level 5 in Fire Magic
 11908 | D:8      | Reached skill level 5 in Summonings
 11908 | D:8      | Reached skill level 5 in Translocations
 11908 | D:8      | Reached XP level 10. HP: 50/50 MP: 16/26
 12064 | D:8      | Reached skill level 5 in Conjurations
 12159 | D:8      | Reached skill level 5 in Air Magic
 12326 | D:8      | Noticed a two-headed ogre
 12340 | D:8      | Killed a two-headed ogre
 12340 | D:8      | Reached *** piety under Sif Muna
 12845 | D:9      | Noticed a two-headed ogre
 12896 | D:9      | Killed a two-headed ogre
 12949 | D:9      | Found a shadowy altar of Dithmenos.
 13234 | D:9      | Found an iron altar of Okawaru.
 13439 | D:9      | Reached **** piety under Sif Muna
 13670 | D:9      | Reached skill level 1 in Invocations
 14033 | D:10     | Entered Level 10 of the Dungeon
 14038 | D:10     | Noticed Grum
 14049 | D:10     | Noticed a two-headed ogre
 14061 | D:10     | Killed Grum
 14079 | D:10     | Killed a two-headed ogre
 14079 | D:10     | Reached skill level 5 in Dodging
 14079 | D:10     | Reached XP level 11. HP: 36/54 MP: 0/27
 14250 | D:10     | Noticed Maurice
 14332 | D:10     | Killed Maurice
 14864 | D:10     | Lost mutation: You have sharp toenails. [potion of
                  | mutation]
 14864 | D:10     | Lost mutation: Your muscles are strong. (Str +2) [potion of
                  | mutation]
 14864 | D:10     | Lost mutation: You occasionally shout uncontrollably at
                  | your foes. [potion of mutation]
 14864 | D:10     | Gained mutation: You are agile. (Dex +2) [potion of
                  | mutation]
 14864 | D:10     | Gained mutation: You have an increased reservoir of magic.
                  | (+10% MP) [potion of mutation]
 14864 | D:10     | Gained mutation: You are frail. (-10% HP) [potion of
                  | mutation]
 14864 | D:10     | Gained mutation: Your flesh is heat resistant. (rF+)
                  | [potion of mutation]
 14892 | D:10     | Found a bloodstained altar of Trog.
 15254 | D:11     | Found a burning altar of Makhleb.
 15461 | D:11     | HP: 1/48 [hornet (8)]
 15461 | D:11     | Mangled by a hornet

Skill      XL: |  1  2  3  4  5  6  7  8  9 10 11 |
---------------+----------------------------------+-----
Conjurations   | 2 3 4 6 |  6.0
Summonings     | 2 3 4 5 6 |  6.0
Translocations | 2 3 4 5 6 |  6.0
Fire Magic     | 1 2 3 4 5 6 |  6.0
Poison Magic   | 1 2 3 4 5 6 |  6.0
Air Magic      | 3 4 6 |  6.4
Spellcasting   | 9 10 | 10.7
Hexes          | 6 |  6.1
Stealth        | 3 |  3.2
Invocations    | 1 |  1.1
Dodging        | 5 7 |  7.0

Action                   |  1- 3 |  4- 6 |  7- 9 | 10-12 || total
-------------------------+-------+-------+-------+-------++-------
Melee: Dagger            |    19 |    12 |       |   119 ||   150
       Short sword       |       |    40 |    43 |       ||    83
       Quarterstaff      |       |       |   136 |       ||   136
       Rapier            |       |       |   132 |    23 ||   155
       Kick              |       |       |    35 |    23 ||    58
 Cast: Magic Dart        |    77 |   122 |   208 |   138 ||   545
       Call Imp          |     4 |     2 |    17 |     8 ||    31
       Blink             |       |    22 |    58 |    18 ||    98
       Mephitic Cloud    |       |    15 |    84 |    66 ||   165
       Conjure Flame     |       |     5 |    31 |    26 ||    62
       Slow              |       |       |    13 |    15 ||    28
  Use: Scroll            |       |     3 |    12 |     1 ||    16
       Potion            |       |       |    11 |     4 ||    15
 Stab: Sleeping          |     2 |       |     2 |     1 ||     5
       Confused          |       |     4 |    22 |    12 ||    38
       Petrified         |       |       |     4 |       ||     4
       Paralysed         |       |       |     4 |       ||     4
       Distracted        |       |       |     1 |       ||     1
       Petrifying        |       |       |     1 |       ||     1
  Eat: Chunk             |     2 |     5 |    15 |    12 ||    34
       Ration            |       |     2 |     2 |       ||     4
Armor: Robe              |     5 |     8 |    95 |    31 ||   139
Dodge: Dodged            |    30 |    63 |   252 |    86 ||   431
